 Dungeon Crawl Stone Soup version 0.29-a0-982-gaed3a0c8d8 (webtiles) character file.

Game seed: 2215308940674465911

4452681 jt the Corrupter of Planes (level 26, 208/254 HPs)
             Began as a Meteoran Abyssal Knight on Aug 1, 2022.
             Was the Champion of Lugonu.
             Escaped with the Orb
             ... and 4 runes on Aug 2, 2022!
             The game lasted 04:10:03 (26818 turns).

jt the Corrupter of Planes (MeAK)                  Turns: 26818, Time: 04:10:04

Health: 208/254    AC: 27    Str: 25    XL:     26   Next: 23%
Magic:  40/40      EV:  7    Int: 12    God:    Lugonu [******]
Gold:   1450       SH: 10    Dex: 16    Spells: 25/25 levels left

rFire   + + .      SeeInvis +   a - +9 broad axe (distort)
rCold   + + +      Faith    .   T - +3 warlock's mirror {reflect}
rNeg    . . .      Spirit   .   d - +5 gold dragon scales
rPois   +          Reflect  +   (helmet restricted)
rElec   +          Harm     .   O - scarf {rC+ rF+}
rCorr   +          Rampage  +   U - +3 pair of gloves "Jaidd" {Rampage Will+ rCorr}
Will    ++++.      Rage     3%  E - +1 pair of boots
Stlth   ..........              A - amulet of regeneration
HPRegen 1.32/turn               r - ring of see invisible
MPRegen 0.27/turn               q - ring of Spite {rElec rC+ Slay+3}

@: glowing, studying 3 skills
A: sense surroundings 3, otherworldly, glowing, explore regen, antennae 1,
hooves 1, berserk 1, deformed body, dopey 1, subdued magic 2, inability to read
while threatened 1, MP-powered wands
0: Orb of Zot
}: 4/15 runes: serpentine, barnacled, silver, abyssal
a: Renounce Religion, Depart the Abyss, Bend Space, Banish, Corrupt, Enter the
Abyss


You escaped.
You worshipped Lugonu.
Lugonu was exalted by your worship.
You visited 10 branches of the dungeon, and saw 45 of its levels.
You visited the Abyss 3 times.
You visited 1 bazaar.
You also visited: Sewer, Ossuary and Wizlab.

You collected 7309 gold pieces.
You spent 5859 gold pieces at shops.

Inventory:

Hand Weapons
 a - a +9 broad axe of distortion (weapon)
 b - a +9 antimagic demon trident
 p - a +5 sacred scourge of holy wrath
Missiles
 e - 31 javelins (quivered)
 G - 2 throwing nets
 Z - 14 curare-tipped darts
Armour
 d - +5 gold dragon scales (worn)
 f - a +2 cloak of preservation
 E - a +1 pair of boots (worn)
 O - a scarf of resistance (worn)
 T - the +3 warlock's mirror (worn) {reflect}
   (You acquired it on level 7 of the Dungeon)

   It can block and reflect piercing ranged attacks and magical attacks against
   the wielder's willpower.
 U - the +3 pair of gloves "Jaidd" (worn) {Rampage Will+ rCorr}
   (You took it off Nikola on level 1 of the Shoals)

   rCorr:     It protects you from acid and corrosion.
   Rampage:   It bestows one free step when moving towards enemies.
   Will:      It increases your willpower.
 W - the +18 shield of the Gong {rElec rN+ Will+ EV-5}
   (You found it on level 4 of the Vaults)

   It is deafeningly noisy when blocking attacks.
   EV:        It affects your evasion (-5).
   rElec:     It insulates you from electricity.
   rN:        It protects you from negative energy.
   Will:      It increases your willpower.
Jewellery
 c - the ring of Doimaukh {rF+ rC+}
   (You bought it in a shop on level 1 of the Depths)

   [ring of protection from fire]

   rF:        It protects you from fire.
   rC:        It protects you from cold.
 j - the ring "Muoczifa" {Will- EV+4 Slay+5}
   (You bought it in a shop on level 1 of the Depths)

   [ring of evasion]

   EV:        It affects your evasion (+4).
   Slay:      It affects your accuracy & damage with ranged weapons and melee
   (+5).
   Will:      It decreases your willpower.
 q - the ring of Spite (right hand) {rElec rC+ Slay+3}
   (You found it on level 2 of the Snake Pit)

   [ring of protection from cold]

   Slay:      It affects your accuracy & damage with ranged weapons and melee
   (+3).
   rC:        It protects you from cold.
   rElec:     It insulates you from electricity.
 r - a ring of see invisible (left hand)
 t - a ring of positive energy
 A - an amulet of regeneration (around neck)
 S - an amulet of reflection
 Y - the ring "Qofuimun" {Ice +Blink rN+ Int+4}
   (You found it on level 9 of the Dungeon)

   [ring of ice]

   It enhances your ice magic.
   Int:       It affects your intelligence (+4).
   rF:        It makes you vulnerable to fire.
   rC:        It protects you from cold.
   rN:        It protects you from negative energy.
   +Blink:    It lets you blink.
Wands
 i - a wand of digging (2)
 o - a wand of charming (22)
 N - a wand of flame (34)
 P - a wand of iceblast (5)
 Q - a wand of mindburst (5)
Scrolls
 h - 4 scrolls of fear
 k - a scroll of silence
 m - 11 scrolls of teleportation
 v - 4 scrolls of vulnerability
 y - 4 scrolls of fog
 C - 7 scrolls of poison
 H - 2 scrolls of summoning
 R - 9 scrolls of immolation
Potions
 g - 3 potions of resistance
 l - 8 potions of flight
 s - 8 potions of mutation
 D - 2 potions of might
 I - 5 potions of curing
 K - a potion of berserk rage
 L - 8 potions of lignification
 X - 3 potions of magic
Miscellaneous
 u - a tin of tremorstones (2/2)
 w - a phantom mirror
 x - a lightning rod (4/4)
 z - a box of beasts
 F - a phial of floods


   Skills:
 + Level 23.9 Fighting
 - Level 18.0(18.5) Axes
 - Level 7.8(14.0) Polearms
 + Level 7.6 Throwing
 - Level 16.0 Armour
 - Level 4.7 Dodging
 - Level 10.0 Shields
 + Level 25.0 Invocations
 + Level 23.1 Evocations


You had 25 spell levels left.
You didn't know any spells.
Your spell library contained the following spells:

 Spells                   Type           Power      Damage    Failure   Level
 Foxfire                  Conj/Fire      0%         2x1d4     100%        1
 Freeze                   Ice            0%         1d3       100%        1
 Magic Dart               Conj           0%         1d3       100%        1
 Shock                    Conj/Air       0%         1d3       100%        1
 Slow                     Hex            0%         N/A       100%        1
 Sting                    Tmut/Pois      0%         1d3       100%        1
 Blink                    Tloc           0%         N/A       100%        2
 Ensorcelled Hibernation  Hex/Ice        0%         N/A       100%        2
 Poisonous Vapours        Pois/Air       0%         N/A       100%        2
 Call Canine Familiar     Summ           0%         N/A       100%        3
 Confusing Touch          Hex            0%         N/A       100%        3
 Conjure Flame            Conj/Fire      0%         6-21      100%        3
 Dazzling Flash           Conj/Hex       0%         N/A       100%        3
 Frozen Ramparts          Ice            0%         1d8       100%        3
 Gell's Gravitas          Tloc           0%         N/A       100%        3
 Inner Flame              Hex/Fire       0%         N/A       100%        3
 Lesser Beckoning         Tloc           0%         N/A       100%        3
 Ozocubu's Armour         Ice            0%         N/A       100%        3
 Portal Projectile        Hex/Tloc       0%         N/A       100%        3
 Spider Form              Tmut/Pois      0%         N/A       100%        3
 Stone Arrow              Conj/Erth      0%         3d7       100%        3
 Swiftness                Air            0%         N/A       100%        3
 Teleport Other           Tloc           0%         N/A       100%        3
 Tukima's Dance           Hex            0%         N/A       100%        3
 Vampiric Draining        Necr           0%         2d6       100%        3
 Airstrike                Air            0%         0-1+      100%        4
 Anguish                  Hex/Necr       0%         N/A       100%        4
 Animate Armour           Summ/Erth      0%         N/A       100%        4
 Flame Wave               Conj/Fire      0%         2d4       100%        4
 Hailstorm                Conj/Ice       0%         3d3       100%        4
 Ice Form                 Ice/Tmut       0%         N/A       100%        4
 Iskenderun's Mystic Bla  Conj/Tloc      0%         2d3       100%        4
 Leda's Liquefaction      Hex/Erth       0%         N/A       100%        4
 Olgreb's Toxic Radiance  Pois           0%         N/A       100%        4
 Petrify                  Tmut/Erth      0%         N/A       100%        4
 Summon Ice Beast         Ice/Summ       0%         N/A       100%        4
 Agony                    Necr           0%         N/A       100%        5
 Blade Hands              Tmut           0%         N/A       100%        5
 Iskenderun's Battlesphe  Conj           0%         2d6       100%        5
 Manifold Assault         Tloc           0%         N/A       100%        5
 Metabolic Englaciation   Hex/Ice        0%         N/A       100%        5
 Silence                  Hex/Air        0%         N/A       100%        5
 Summon Forest            Summ/Tloc      0%         N/A       100%        5
 Yara's Violent Unravell  Hex/Tmut       0%         3d3       100%        5
 Dispersal                Tloc           0%         N/A       100%        6
 Eringya's Noxious Bog    Tmut/Pois      0%         N/A       100%        6
 Iron Shot                Conj/Erth      0%         9d1       100%        6
 Simulacrum               Ice/Necr       0%         N/A       100%        6
 Spellforged Servitor     Conj/Summ      0%         N/A       100%        7
 Storm Form               Tmut/Air       0%         N/A       100%        7
 Summon Hydra             Summ           0%         N/A       100%        7
 Lehudib's Crystal Spear  Conj/Erth      0%         10d2      100%        8


Dungeon Overview and Level Annotations

Branches:
Dungeon (15/15)            Temple (1/1) D:4            Lair (4/5) D:9
 Shoals (4/4) Lair:2        Snake (4/4) Lair:2          Orc (2/2) D:11
    Elf (0/3) Orc:2        Vaults (5/5) D:14          Crypt (1/3) Vaults:2
 Depths (4/4) D:15            Zot (5/5) Depths:4      Sewer (visited)
Ossuary (visited)          WizLab (visited)
  Slime: Lair:4-5

Altars:
Cheibriados
Dithmenos
Fedhas
Gozag
Kikubaaqudgha
Nemelex Xobeh
Okawaru
Ru
Sif Muna
Trog
Uskayaw
Vehumet
Xom
Yredelemnul
The Shining One

Shops:
D:1 [   D:6 :(   Orc:2 [:?*(   Shoals:4 **   Snake:2 *   Snake:4 ![
Vaults:1 :   Vaults:2 [   Depths:1 =

Portals:
Hell: Depths:1 Depths:4
Pandemonium: Depths:1

Annotations:
D:5 3 runed translucent doors, wilfster70's ghost, amateur MfSu
D:7 3 runed translucent doors, eyesofgods1's ghost, novice DsFi
D:8 3 runed translucent doors, Ishtari's ghost, novice HOFi
D:9 1 runed translucent door
D:10 2 transporters
D:15 2 runed translucent doors, Gahoodgh's ghost, adept HuCj
Shoals:2 Ilsuiw
Shoals:3 Polyphemus
Snake:1 Roxanne
Snake:2 corrupted
Snake:4 corrupted
Vaults:1 Gulizxoud's ghost, adept DjVM
Vaults:2 3 runed translucent doors, Aclimpov's ghost, adept GrEE
Vaults:4 corrupted
Vaults:5 corrupted
Zot:5 corrupted
Abyss:1 Donald; Rupert; Snorg


Innate Abilities, Weirdness & Mutations

You passively map a large area around you.
You are easily found by Zot.
You glow in the dark.
You regain HP and MP as you explore.
You have a pair of small antennae on your head.
You have large cloven feet.
You sometimes lose your temper in combat.
Armour fits poorly on your strangely shaped body.
You are dopey. (Int -2)
Your spells are easier to cast, but less powerful.
You occasionally lose the ability to read scrolls when taking damage.
You expend magic power (3 MP) to strengthen your wands.


Message History

You hit the reaper but do no damage.
The reaper is moderately wounded.
You hit the reaper.
The reaper is moderately wounded.
The reaper blinks!
You rampage towards the reaper!
The reaper hits you but does no damage.
You rampage towards the reaper!
You slash the reaper!
Space warps horribly around the reaper!
The reaper is severely wounded.
The reaper hits you with a +6 scythe of protection!!
You slash the reaper!
Space warps horribly around the reaper!!
You kill the reaper!
Lugonu accepts your kill.
You see here a +6 scythe of protection.
A blizzard demon comes into view.
You rampage towards the blizzard demon!
You rampage towards the blizzard demon!
The blizzard demon hits you but does no damage.
You block the blizzard demon's attack.
You hit the blizzard demon.
The blizzard demon is lightly wounded.
You closely miss the blizzard demon.
The blizzard demon is lightly wounded.
The blizzard demon hits you but does no damage.
You block the blizzard demon's attack.
You hit the blizzard demon but do no damage.
Space warps horribly around the blizzard demon!!
The blizzard demon is heavily wounded.
The blizzard demon hits you. The blizzard demon hits you!
You slice the blizzard demon!!
Space warps around the blizzard demon.
The blizzard demon is almost dead.
You chop the blizzard demon into pieces!!!
You kill the blizzard demon!
Lugonu accepts your kill.
Okay, then.
Blink to where?
Press: ? - help, Dir - move target
As you read the scroll of blinking, it crumbles to dust.
You have escaped!

#..#.P.P....#..#
#..#..P.P.P8#..#
#..#...P....#..#
#..#..P.P.P.#..#
#'##...8...8##'#
##..##########..##
#....#......'....#
#....'......#....#
##@.##########..##
#### ####


There were no monsters in sight!

Vanquished Creatures
  2 orbs of fire (Zot:5)
  4 ancient liches
  A Killer Klown (Zot:5)
  Margery (Depths:4)
  A curse toe (Zot:4)
  5 golden dragons
  Nikola (Shoals:1)
  A bone dragon (Abyss:3)
  14 tentacled monstrosities
  A quicksilver dragon (Vaults:5)
  Mlioglotl (Snake:1)
  A walking divine tome (Depths:4)
  3 titans (Vaults:5)
  19 Orb Guardians
  3 sphinxes
  2 walking frostbound tomes (Depths:4)
  3 death cobs
  The ghost of Huteats the Covert, an adept VSFi of Uskayaw (Snake:2)
  6 storm dragons
  4 tengu reavers (Vaults:5)
  A fenstrider witch (Shoals:2)
  4 nagarajas
  A frost giant (Vaults:5)
  3 fire giants
  Aizul (Shoals:4)
  A deep elf sorcerer (Vaults:5)
  2 draconian scorchers
  11 vault wardens
  A ghost moth (Zot:3)
  4 draconian knights
  12 ironbound preservers
  2 draconian stormcallers
  A reaper (D:1)
  10 very ugly things
  4 stone giants
  2 war gargoyles
  6 ironbound thunderhulks
  2 vampire knights
  An entropy weaver (Vaults:2)
  2 deep elf annihilators (Vaults:5)
  2 green draconians (Zot:1)
  5 black draconians
  A bunyip (shapeshifter) (Vaults:5)
  2 dire elephants (Vaults:1)
  2 yellow draconians
  5 spark wasps
  6 red draconians
  16 purple draconians
  3 white draconians
  3 jiangshi (Depths:3)
  10 ettins
  A blizzard demon (D:1)
  9 merfolk javelineers
  2 fire dragons
  5 merfolk impalers
  6 statues (WizLab)
  Josephine (D:11)
  7 yaktaur captains
  3 great orbs of eyes
  4 boulder beetles
  30 vault guards
  A hell beast (Depths:1)
  3 hydras
  2 salamander tyrants
  5 ironbound frosthearts
  8 anacondas
  A peacekeeper (Vaults:1)
  5 ogre magi
  3 merfolk aquamancers
  4 naga warriors
  A satyr (Shoals:4)
  2 alligator snapping turtles (Shoals:4)
  4 ice dragons
  12 two-headed ogres
  A death knight (D:15)
  A tengu warrior (D:14)
  12 centaur warriors
  3 deep troll shamans
  5 deep troll earth magi
  A spriggan berserker (Depths:3)
  2 vampire magi
  Nergalle (D:11)
  9 naga sharpshooters
  A thrashing horror (Abyss:3)
  Urug (Orc:1)
  2 shock serpents
  16 hell knights
  Sonja (Orc:1)
  8 sun demons (Depths:1)
  14 sea snakes
  A shadow wraith (Vaults:5)
  2 sixfirhies
  5 skeletal warriors
  4 salamander mystics
  6 spatial maelstroms (Abyss:3)
  Lodul (D:11)
  3 iron trolls (Depths:4)
  44 deep trolls
  A shadow demon (Zot:5)
  7 naga ritualists (Snake:4)
  A harpy (shapeshifter) (D:13)
  An orb spider (Snake:1)
  10 wizards
  An orange crystal statue (D:13)
  15 harpies
  6 ironbound convokers
  An obsidian statue (Shoals:4)
  9 phantasmal warriors
  9 lindwurms
  5 necromancers
  3 orc knights
  2 shining eyes (Depths:1)
  9 mana vipers
  A deep elf pyromancer (D:12)
  7 fauns
  2 orc sorcerers
  19 ugly things
  4 cyclopes
  9 elephants
  16 moths of wrath
  A salamander (shapeshifter) (Depths:4)
  7 salamanders
  10 manticores
  29 black mambas
  A toenail golem (D:3)
  9 vault sentinels
  A water nymph (shapeshifter) (Vaults:5)
  2 human skeletons (Vaults:2)
  2 fire giant skeletons (Vaults:2)
  2 rust devils
  2 frost giant skeletons (Vaults:2)
  Joseph (D:7)
  An eye of devastation (Depths:1)
  An orange demon (Depths:1)
  An eye of devastation (shapeshifter) (Vaults:5)
  10 naga magi
  A torpor snail (shapeshifter) (Vaults:5)
  A rime drake (Lair:2)
  4 water nymphs
  2 cane toads (Lair:1)
  An ice statue (D:13)
  Psyche (D:7)
  An unseen horror (D:13)
  2 komodo dragons
  3 yaktaur skeletons (Vaults:2)
  An ice devil (Depths:1)
  2 freezing wraiths
  An efreet (D:7)
  32 yaktaurs
  11 tengu conjurers
  A red devil (Depths:1)
  A meliai (shapeshifter) (Vaults:5)
  A tengu simulacrum (Depths:1)
  11 trolls
  22 merfolk
  A wind drake (shapeshifter) (Abyss:3)
  7 raiju (Abyss:3)
  6 wind drakes
  15 slime creatures
  5 dream sheep (Lair:3)
  3 blink frogs (Lair:1)
  8 snapping turtles
  A centaur simulacrum (D:14)
  An ettin skeleton (Vaults:2)
  8 water elementals
  2 shadows
  A ynoxinul (Abyss:3)
  A basilisk (Lair:2)
  A spriggan (shapeshifter) (Abyss:3)
  7 wraiths
  A human (D:14)
  17 yaks
  2 elf skeletons (Vaults:2)
  A wyvern (D:6)
  A redback (Vaults:2)
  2 neqoxecs
  4 wargs
  26 nagas
  A large abomination (Abyss:3)
  11 spatial vortices (Abyss:3)
  A swamp worm (shapeshifter) (Depths:1)
  6 water moccasins
  A hell hound (Depths:1)
  2 acid dragons
  A floating eye (Depths:3)
  A floating eye (shapeshifter) (Depths:1)
  2 ice beasts (D:8)
  18 orc warriors
  37 ogres
  9 black bears
  A boggart (Vaults:2)
  12 centaurs
  12 wolves
  3 elf zombies (Ossuary)
  3 kobold brigands (D:9)
  3 bullfrogs
  3 scorpions
  A necrophage (D:5)
  5 wights (D:7)
  8 killer bees
  4 howler monkeys
  A crimson imp (D:14)
  6 centaur zombies (Ossuary)
  6 hounds
  4 jellies
  2 gnoll boudas
  14 orc priests
  3 human zombies (Ossuary)
  Jessica (D:2)
  Terence (D:2)
  3 iguanas
  8 merfolk sirens
  19 orc wizards
  2 merfolk avatars
  3 mummies (Ossuary)
  Robin (D:4)
  8 gnolls
  10 adders
  A white imp (D:6)
  2 ufetubi
  6 dart slugs
  57 orcs
  7 ball pythons
  4 endoplasms
  10 giant cockroaches
  17 goblins
  6 hobgoblins
  7 jackals
  6 quokkas
  2 bats (D:1)
  8 frilled lizards
  A goblin skeleton (D:9)
  16 kobolds
  32 rats
  A ball lightning (Shoals:4)
1321 creatures vanquished.

Vanquished Creatures (collateral kills)
  A golden dragon (Zot:5)
  An Orb Guardian (Zot:5)
  A quicksilver dragon (Zot:5)
  A death cob (Zot:5)
  A storm dragon (Zot:5)
  A shadow dragon (Depths:4)
  A draconian shifter (Zot:5)
  2 green draconians (Zot:5)
  A black draconian (Zot:5)
  A red draconian (Zot:1)
  A purple draconian (WizLab)
  A white draconian (Zot:5)
  A blizzard demon (Zot:5)
  A naga sharpshooter (Snake:2)
  A moth of wrath (Zot:1)
  A merfolk siren (Shoals:2)
  A black mamba (Snake:2)
  A tengu conjurer (WizLab)
  A merfolk (Shoals:4)
  2 water elementals (Shoals:2)
  An orc warrior (Orc:2)
  An orc (Orc:2)
24 creatures vanquished.

Vanquished Creatures (others)
  3 orbs of fire (Zot:5)
  Mennas (Vaults:4)
  Boris (Vaults:4)
  2 Killer Klowns (Zot:5)
  Vashnia (Snake:4)
  An electric golem (Zot:5)
  A tentacled monstrosity (Vaults:5)
  A lich (Vaults:5)
  An Orb Guardian (Zot:5)
  The ghost of Peppero the Slayer, an adept DjCj of Ashenzari (Shoals:4)
  A tengu reaver (Vaults:5)
  5 nagarajas (Snake:4)
  2 vault wardens
  An ironbound thunderhulk (Vaults:4)
  A very ugly thing (Vaults:5)
  Nessos (Orc:2)
  2 war gargoyles (Vaults:5)
  A green draconian (Zot:5)
  2 yaktaur captains
  5 vault guards (Vaults:5)
  A peacekeeper (Vaults:4)
  A boulder beetle (Vaults:4)
  A salamander tyrant (Snake:4)
  4 anacondas
  9 naga warriors
  A two-headed ogre (Vaults:5)
  A shock serpent (Snake:2)
  9 naga sharpshooters
  2 salamander mystics (Snake:4)
  2 naga ritualists (Snake:4)
  A deep troll (Vaults:5)
  A harpy (shapeshifter) (Vaults:5)
  2 mana vipers (Snake:4)
  4 salamanders
  3 moths of wrath
  6 black mambas (Snake:4)
  4 vault sentinels
  A merfolk siren (Shoals:4)
  4 naga magi (Snake:4)
  A tengu conjurer (WizLab)
  4 yaktaurs (Vaults:4)
  3 slime creatures (Vaults:4)
  A spriggan (Depths:3)
  15 nagas
  An ogre (Vaults:5)
  5 ball lightnings (Shoals:4)
  14 fungi
  68 plants
  77 starspawn tentacles
280 creatures vanquished.

Grand Total: 1625 creatures vanquished

Notes
Turn   | Place    | Note
-------+----------+-------------------------------------------
     0 | Abyss:1  | jt the Meteoran Abyssal Knight began the quest for the Orb.
     0 | Abyss:1  | Reached XP level 1. HP: 19/19 MP: 3/3
     1 | D:1      | Escaped the Abyss
   104 | D:1      | Reached XP level 2. HP: 23/26 MP: 4/4
   228 | D:1      | Reached XP level 3. HP: 29/31 MP: 5/5
   427 | D:3      | Reached *** piety under Lugonu
   452 | D:3      | Reached XP level 4. HP: 38/38 MP: 7/7
   486 | D:2      | Reached skill level 3 in Invocations
   526 | D:2      | Noticed Terence
   535 | D:2      | Killed Terence
   677 | D:2      | Noticed Jessica
   691 | D:2      | Killed Jessica
   692 | D:2      | Reached skill level 5 in Axes
   692 | D:2      | Reached XP level 5. HP: 39/45 MP: 8/8
   747 | D:2      | Reached skill level 4 in Invocations
   952 | D:1      | Found Cump's Armour Shop.
  1158 | D:4      | Found a staircase to the Ecumenical Temple.
  1174 | Temple   | Entered the Ecumenical Temple
  1222 | D:5      | Entered Level 5 of the Dungeon
  1229 | D:5      | Reached XP level 6. HP: 29/51 MP: 10/10
  1365 | D:5      | Reached skill level 5 in Invocations
  1453 | D:5      | Noticed an ogre
  1454 | D:5      | Banished an ogre
  1473 | D:5      | Reached XP level 7. HP: 50/57 MP: 12/12
  1499 | D:5      | Reached skill level 6 in Invocations
  1618 | D:5      | Reached skill level 1 in Evocations
  1618 | D:5      | Reached XP level 8. HP: 46/63 MP: 13/13
  1678 | D:6      | Found Adikok's Weapon Emporium.
  1722 | D:6      | Found an ancient bone altar of Kikubaaqudgha.
  1862 | D:6      | Found a glowing drain.
  1871 | D:6      | Reached **** piety under Lugonu
  1895 | Sewer    | Entered a sewer
  1981 | Sewer    | Reached skill level 7 in Invocations
  2179 | D:6      | Found a sand-covered staircase.
  2184 | Ossuary  | Entered an ossuary
  2363 | Ossuary  | Reached skill level 8 in Invocations
  2363 | Ossuary  | Gained mutation: You passively map the area around you.
                  | [Meteoran growth]
  2363 | Ossuary  | Reached XP level 9. HP: 27/70 MP: 14/16
  2659 | D:6      | Reached ***** piety under Lugonu
  2660 | D:6      | Reached skill level 5 in Evocations
  2664 | D:6      | Found an iron altar of Okawaru.
  2684 | D:7      | Noticed a purple ugly thing
  2684 | D:7      | Found a runed translucent gate.
  2684 | D:7      | Found a runed translucent gate.
  2684 | D:7      | Found a runed translucent gate.
  2711 | D:6      | Found Foebarus's Book Shoppe.
  2907 | D:7      | Noticed eyesofgods1's ghost (novice DsFi)
  3031 | D:7      | Reached skill level 9 in Invocations
  3178 | D:8      | Noticed Psyche
  3255 | D:7      | Noticed Joseph
  3278 | D:7      | Killed Joseph
  3364 | D:7      | Reached skill level 10 in Invocations
  3389 | D:7      | Reached XP level 10. HP: 8/77 MP: 18/18
  3453 | D:6      | Reached skill level 10 in Axes
  3709 | D:5      | Found a runed translucent gate.
  3709 | D:5      | Found a runed translucent gate.
  3709 | D:5      | Found a runed translucent gate.
  3711 | D:5      | Noticed wilfster70's ghost (amateur MfSu)
  3811 | D:5      | Found a radiant altar of Vehumet.
  4015 | D:4      | Reached skill level 5 in Armour
  4044 | D:4      | Noticed Robin
  4058 | D:4      | Killed Robin
  4455 | D:7      | Identified a scroll of acquirement
  4455 | D:7      | Acquired the +3 warlock's mirror {reflect}
  4455 | D:7      | Found the +3 warlock's mirror {reflect}
  4473 | D:7      | Killed Psyche
  4474 | D:7      | Reached skill level 11 in Invocations
  4591 | D:9      | Noticed a komodo dragon
  4594 | D:9      | Banished a komodo dragon
  4637 | D:8      | Found a blossoming altar of Fedhas.
  4746 | D:8      | Found a runed translucent gate.
  4746 | D:8      | Found a runed translucent gate.
  4746 | D:8      | Found a runed translucent gate.
  4753 | D:8      | Noticed Ishtari's ghost (novice HOFi)
  4872 | D:8      | Reached skill level 1 in Shields
  4959 | D:9      | Reached XP level 11. HP: 76/82 MP: 20/20
  4987 | D:9      | Identified the ring "Qofuimun" {Ice +Blink rN+ Int+4}
  5013 | D:9      | Found a staircase to the Lair.
  5033 | Lair:1   | Entered Level 1 of the Lair of Beasts
  5033 | Lair:1   | Noticed an elephant
  5033 | Lair:1   | Noticed an elephant
  5035 | Lair:1   | Noticed an elephant
  5036 | Lair:1   | Noticed an elephant
  5056 | Lair:1   | Noticed an elephant
  5119 | Lair:1   | Reached skill level 12 in Invocations
  5168 | Lair:2   | Identified the +4 leather armour of Bespelled Wonder {rC+}
  5197 | Lair:3   | Noticed a black mamba
  5322 | Lair:1   | Noticed an elephant
  5351 | Lair:2   | Gained mutation: You have large cloven feet. [potion of
                  | mutation]
  5351 | Lair:2   | Gained mutation: You have a pair of small antennae on your
                  | head. [potion of mutation]
  5378 | Lair:2   | Reached skill level 5 in Shields
  5501 | Lair:2   | Noticed a lindwurm
  5518 | Lair:2   | Killed a lindwurm
  5519 | Lair:2   | Reached skill level 13 in Invocations
  5654 | Lair:2   | Noticed an elephant
  5655 | Lair:2   | Noticed an elephant
  5660 | Lair:2   | Noticed an elephant
  5661 | Lair:2   | Noticed an elephant
  5709 | Lair:1   | Killed an elephant
  5817 | Lair:2   | Reached XP level 12. HP: 64/89 MP: 23/23
  5837 | Lair:2   | Found a staircase to the Snake Pit.
  5872 | Lair:2   | Found a staircase to the Shoals.
  6171 | Lair:1   | Reached skill level 14 in Invocations
  6390 | Lair:3   | Reached skill level 15 in Invocations
  6560 | D:9      | Found an opulent altar of Gozag.
  6603 | D:8      | Found a hide-covered altar of Uskayaw.
  6615 | D:8      | Reached XP level 13. HP: 93/94 MP: 25/25
  6637 | D:8      | Reached ****** piety under Lugonu
  6987 | D:9      | Found a runed translucent door.
  6991 | D:9      | Found a basalt altar of Yredelemnul.
  7049 | D:10     | Entered Level 10 of the Dungeon
  7228 | D:10     | Found a shadowy altar of Dithmenos.
  7273 | D:10     | Reached skill level 15 in Axes
  7452 | D:10     | Found a transporter.
  7462 | D:10     | Found a transporter.
  7519 | D:10     | Reached skill level 16 in Invocations
  7618 | D:10     | Found a transporter.
  7627 | D:10     | Found a transporter.
  7710 | D:11     | Noticed Josephine
  7907 | D:11     | Noticed a two-headed ogre
  7909 | D:11     | Banished a two-headed ogre
  8100 | D:12     | Noticed a five-headed hydra
  8114 | D:12     | Killed a five-headed hydra
  8164 | D:11     | Noticed Lodul
  8165 | D:11     | Noticed Nergalle
  8174 | D:11     | Killed Lodul
  8199 | D:11     | Killed Nergalle
  8200 | D:11     | Reached skill level 17 in Invocations
  8328 | D:11     | Killed Josephine
  8340 | D:11     | HP: 2/94 [wraith[Josephine] (9)]
  8410 | D:11     | Found a staircase to the Orcish Mines.
  8419 | Orc:1    | Entered Level 1 of the Orcish Mines
  8432 | Orc:1    | Reached skill level 18 in Invocations
  8503 | Orc:1    | Noticed Sonja
  8520 | Orc:1    | Killed Sonja
  8589 | Orc:1    | Noticed Urug
  8616 | Orc:1    | Killed Urug
  8726 | Orc:1    | Reached XP level 14. HP: 69/102 MP: 23/28
  8743 | Orc:2    | Entered Level 2 of the Orcish Mines
  8847 | Orc:2    | Found a staircase to the Elven Halls.
  9028 | Orc:2    | Found Titink's Antique Armour Shoppe.
  9040 | Orc:2    | Noticed Rupert
  9043 | Orc:2    | Banished Rupert
  9044 | Orc:2    | Reached skill level 19 in Invocations
  9046 | Orc:1    | Noticed Snorg
  9048 | Orc:1    | Banished Snorg
  9123 | Orc:2    | Noticed Nessos
  9145 | Orc:2    | Your ally Nessos died
  9270 | Orc:2    | Found Kuocaomimn's General Store.
  9270 | Orc:2    | Found Moteg's Weapon Shop.
  9271 | Orc:2    | Found Wefimig's Book Boutique.
  9271 | Orc:2    | Found Sumeom's Magic Scroll Emporium.
  9274 | Orc:2    | Reached skill level 20 in Invocations
  9276 | Orc:2    | Reached skill level 5 in Fighting
  9289 | Orc:2    | Reached skill level 1 in Throwing
  9461 | Orc:2    | Acquired 1151 gold pieces
  9486 | Orc:2    | Bought shiny gold dragon scales for 1411 gold pieces
  9536 | Orc:2    | Bought a scroll of acquirement for 624 gold pieces
  9537 | Orc:2    | Bought a wand of polymorph (4) for 89 gold pieces
  9563 | Orc:2    | Glimpsed the power of Zot.
  9613 | Orc:1    | Glimpsed the power of Zot.
  9740 | D:12     | Reached XP level 15. HP: 66/116 MP: 25/30
 10871 | Snake:1  | Entered Level 1 of the Snake Pit
 10950 | Snake:2  | Noticed a nagaraja
 10960 | Snake:2  | Reached skill level 5 in Throwing
 10992 | Snake:2  | Reached skill level 21 in Invocations
 11053 | Snake:1  | Noticed Mlioglotl
 11067 | Snake:1  | Killed Mlioglotl
 11068 | Snake:1  | Reached skill level 10 in Armour
 11154 | Snake:1  | Noticed Roxanne
 11512 | Snake:2  | Found Qozxerr's Assorted Antiques.
 11538 | Snake:2  | Bought a pair of glowing gloves for 187 gold pieces
 11551 | Snake:2  | Bought a potion of heal wounds for 125 gold pieces
 11602 | Snake:2  | Killed a nagaraja
 11684 | Snake:3  | Reached XP level 16. HP: 69/132 MP: 31/31
 11956 | Snake:4  | Entered Level 4 of the Snake Pit
 12062 | Abyss:3  | Cast into level 3 of the Abyss (salamander)
 12087 | Snake:2  | Escaped the Abyss
 12124 | Snake:2  | Found a transporter.
 12131 | Snake:2  | Found a bloodstained altar of Trog.
 12150 | Snake:2  | Found a transporter.
 12150 | Snake:2  | Noticed Huteats's ghost (adept VSFi)
 12180 | Snake:2  | Corrupted Snake:2
 12185 | Snake:2  | Noticed a lich
 12186 | Snake:2  | Noticed a tentacled starspawn
 12194 | Snake:2  | Noticed a tentacled starspawn
 12194 | Snake:2  | Noticed a Hell Sentinel
 12197 | Snake:2  | Killed Huteats's ghost
 12217 | Snake:2  | Noticed a tentacled starspawn
 12259 | Snake:2  | Noticed a tentacled starspawn
 12299 | Snake:2  | Identified the ring of Spite {rElec rC+ Slay+3}
 12456 | Snake:4  | Noticed Vashnia
 12475 | Snake:3  | Noticed a nagaraja
 12484 | Snake:3  | Killed a nagaraja
 12485 | Snake:3  | Reached skill level 22 in Invocations
 12500 | Snake:4  | Reached skill level 10 in Fighting
 12622 | Snake:4  | Corrupted Snake:4
 12622 | Snake:4  | Noticed a tentacled starspawn
 12622 | Snake:4  | Noticed a bone dragon
 12624 | Snake:4  | Noticed a tentacled starspawn
 12624 | Snake:4  | Noticed a bone dragon
 12629 | Snake:4  | Noticed a nagaraja
 12634 | Snake:4  | Noticed a tentacled starspawn
 12641 | Snake:4  | Killed a nagaraja
 12642 | Snake:4  | Noticed a tentacled starspawn
 12645 | Snake:4  | Noticed a lich
 12647 | Snake:4  | Acquired 772 gold pieces
 12648 | Snake:4  | Acquired 937 gold pieces
 12653 | Snake:4  | Noticed a nagaraja
 12659 | Snake:4  | Killed a nagaraja
 12687 | Snake:4  | Noticed a nagaraja
 12689 | Snake:4  | Noticed a nagaraja
 12689 | Snake:4  | Noticed a nagaraja
 12689 | Snake:4  | Noticed a nagaraja
 12704 | Snake:4  | Noticed a nagaraja
 12720 | Snake:4  | Killed a nagaraja
 12721 | Snake:4  | Killed Vashnia
 12722 | Snake:4  | Killed a nagaraja
 12727 | Snake:4  | Killed a nagaraja
 12731 | Snake:4  | Found Dapaqief's Distillery.
 13059 | Snake:4  | Bought a potion of might for 52 gold pieces
 13059 | Snake:4  | Bought a potion of heal wounds for 65 gold pieces
 13059 | Snake:4  | Bought a potion of curing for 39 gold pieces
 13059 | Snake:4  | Bought a potion of resistance for 130 gold pieces
 13068 | Snake:4  | Found Hooqosk's Armour Shoppe.
 13084 | Snake:4  | Killed a nagaraja
 13135 | Snake:4  | Reached XP level 17. HP: 57/144 MP: 14/33
 13350 | Snake:4  | Glimpsed the power of Zot.
 13386 | Snake:4  | Got a serpentine rune of Zot
 13403 | Snake:4  | Killed a nagaraja
 13408 | Snake:4  | Glimpsed the power of Zot.
 13448 | Snake:3  | Glimpsed the power of Zot.
 13458 | Snake:3  | Touched by the power of Zot.
 13517 | Shoals:1 | Entered Level 1 of the Shoals
 13610 | Shoals:1 | Reached skill level 23 in Invocations
 13699 | Shoals:2 | Noticed Donald
 13708 | Shoals:2 | Banished Donald
 13868 | Shoals:2 | Noticed Ilsuiw
 14103 | Shoals:4 | Entered Level 4 of the Shoals
 14129 | Shoals:4 | Found a runed translucent gate.
 14131 | Shoals:4 | Found a runed translucent gate.
 14131 | Shoals:4 | Found an opulent altar of Gozag.
 14132 | Shoals:4 | Found a runed translucent gate.
 14224 | Shoals:4 | Noticed Aizul
 14247 | Shoals:4 | Killed Aizul
 14287 | Shoals:4 | Gained mutation: You passively map a large area around you.
                  | [Meteoran growth]
 14287 | Shoals:4 | Reached XP level 18. HP: 125/156 MP: 34/34
 14389 | Shoals:4 | Reached skill level 15 in Armour
 14418 | Shoals:4 | Got a barnacled rune of Zot
 14633 | Shoals:4 | Found Gelaclai's Assorted Antiques.
 14634 | Shoals:4 | Noticed Peppero's ghost (adept DjCj)
 14634 | Shoals:4 | Found Liptuing's Assorted Antiques.
 14641 | Shoals:4 | Killed Peppero's ghost
 14714 | Shoals:4 | Bought a scroll of immolation for 96 gold pieces
 14714 | Shoals:4 | Bought a potion of curing for 72 gold pieces
 14714 | Shoals:4 | Bought an emerald potion for 21 gold pieces
 14714 | Shoals:4 | Bought a scroll of immolation for 96 gold pieces
 14724 | Shoals:4 | Bought a scroll labelled TEOPNU JAUVOE for 35 gold pieces
 14725 | Shoals:4 | Bought a wavering marble ring for 175 gold pieces
 14725 | Shoals:4 | Identified the ring of the Princeling {rF+ Str+3} (You
                  | bought it in a shop on level 4 of the Shoals)
 14725 | Shoals:4 | Bought a potion of curing for 105 gold pieces
 14725 | Shoals:4 | Bought a potion of mutation for 280 gold pieces
 14901 | Shoals:4 | Reached skill level 24 in Invocations
 15171 | Shoals:3 | Noticed Polyphemus
 15499 | Shoals:1 | Identified the +3 pair of gloves "Jaidd" {Rampage Will+
                  | rCorr}
 15499 | Shoals:1 | Noticed Nikola
 15516 | Shoals:1 | Killed Nikola
 16176 | D:14     | You fall into a shaft and drop 1 floor!
 16176 | D:15     | Entered Level 15 of the Dungeon
 16345 | D:15     | Identified a +5 broad axe of distortion (a +3 broad axe
                  | corrupted by Lugonu)
 16345 | D:15     | Received a gift from Lugonu
 16379 | D:15     | Found a runed translucent door.
 16383 | D:15     | Noticed a lich
 16385 | D:15     | Noticed Gahoodgh's ghost (adept HuCj)
 16389 | D:15     | Found a runed translucent door.
 16529 | D:14     | Reached XP level 19. HP: 165/167 MP: 36/36
 16691 | D:14     | Found a gate to the Vaults.
 16710 | Vaults:1 | Entered Level 1 of the Vaults
 16786 | Vaults:1 | You fall into a shaft and drop 1 floor!
 16962 | Vaults:2 | Found a staircase to the Crypt.
 16966 | Crypt:1  | Entered Level 1 of the Crypt
 17035 | Vaults:2 | Reached skill level 10 in Shields
 17246 | Vaults:1 | Reached skill level 10 in Evocations
 17425 | Vaults:1 | Reached skill level 15 in Fighting
 17463 | Vaults:1 | Found a shimmering altar of Xom.
 17463 | Vaults:1 | Noticed Gulizxoud's ghost (adept DjVM)
 17464 | Vaults:1 | Identified the +9 executioner's axe of the Scroll {chaos,
                  | Int+4}
 17492 | Vaults:1 | Reached XP level 20. HP: 175/178 MP: 37/37
 17767 | Vaults:1 | Found Rylotuph's Book Shoppe.
 17859 | Vaults:2 | Found Vauck's Antique Armour Shop.
 17941 | Vaults:2 | Found a runed translucent gate.
 17941 | Vaults:2 | Found a runed translucent gate.
 17941 | Vaults:2 | Found a runed translucent gate.
 17941 | Vaults:2 | Noticed Aclimpov's ghost (adept GrEE)
 17942 | Vaults:2 | Identified the +3 broad axe "Buaruu" {vorpal, rF+}
 17942 | Vaults:2 | Identified the +5 scale mail of Zaneucot {rN+ Will+ rCorr
                  | SInv}
 18044 | Vaults:4 | Found the +18 shield of the Gong {rElec rN+ Will+ EV-5}
 18351 | Vaults:4 | Noticed Mennas
 18353 | Vaults:4 | Corrupted Vaults:4
 18357 | Vaults:4 | Noticed a bone dragon
 18390 | Vaults:4 | Killed Mennas
 18404 | Vaults:4 | Noticed Boris
 18427 | Vaults:4 | Killed Boris
 18507 | Vaults:4 | Found a magical portal.
 18523 | WizLab   | Entered Iskenderun's Mystic Tower
 18622 | WizLab   | Reached XP level 21. HP: 171/189 MP: 12/38
 18627 | WizLab   | Reached skill level 1 in Polearms
 18939 | WizLab   | Got Iskenderun's Handbook of Conflict
 18939 | WizLab   | Got Iskenderun's Octavo of Conflict
 19076 | WizLab   | Glimpsed the power of Zot.
 19126 | WizLab   | Glimpsed the power of Zot.
 19166 | WizLab   | Glimpsed the power of Zot.
 19384 | Vaults:5 | Entered Level 5 of the Vaults
 19488 | Vaults:5 | Reached skill level 5 in Polearms
 19569 | Vaults:5 | Noticed an ancient lich
 19573 | Vaults:5 | Noticed a golden dragon
 19605 | Vaults:5 | Killed a golden dragon
 19719 | Vaults:5 | Noticed an ancient lich
 19727 | Vaults:5 | Corrupted Vaults:5
 19757 | Vaults:5 | Reached skill level 15 in Evocations
 19775 | Vaults:5 | Killed an ancient lich
 19849 | Vaults:5 | Noticed a tentacled monstrosity
 19853 | Vaults:5 | Killed a tentacled monstrosity
 19935 | Vaults:5 | Reached XP level 22. HP: 185/201 MP: 37/39
 20174 | Vaults:5 | Identified the +10 dagger of the World {vorpal, Str+2 Int+3
                  | Dex+5}
 20250 | Vaults:5 | Identified the +1 robe of Insecurity {Int+3 Dex+2}
 20342 | Abyss:3  | Noticed a bone dragon
 20376 | Abyss:3  | Killed a bone dragon
 20418 | Abyss:3  | Noticed a bone dragon
 20431 | Abyss:3  | Banished a bone dragon
 20481 | Abyss:3  | Got an abyssal rune of Zot
 20560 | Vaults:5 | Escaped the Abyss
 20799 | Vaults:5 | Glimpsed the power of Zot.
 20852 | Vaults:5 | Glimpsed the power of Zot.
 20858 | Vaults:5 | Killed an ancient lich
 20893 | Vaults:5 | Glimpsed the power of Zot.
 20904 | Vaults:5 | Touched by the power of Zot.
 20924 | Vaults:5 | Identified the +9 dire flail "Wexa" {spect, rF+ Will- MP+9}
 20939 | Vaults:5 | Got a silver rune of Zot
 21008 | Vaults:4 | Glimpsed the power of Zot.
 21061 | Vaults:3 | Glimpsed the power of Zot.
 21102 | Vaults:2 | Glimpsed the power of Zot.
 21113 | Vaults:2 | Touched by the power of Zot.
 21247 | D:14     | Found a shadowy altar of Dithmenos.
 21315 | D:15     | Found a staircase to the Depths.
 21362 | Depths:1 | Entered Level 1 of the Depths
 21371 | Depths:1 | Reached XP level 23. HP: 128/135 MP: 40/40
 21481 | Depths:1 | Found a sparkling altar of Nemelex Xobeh.
 21618 | Depths:1 | Got the Vellum of Assembled Permutations
 21722 | Depths:1 | Found a one-way gate leading to the halls of Pandemonium.
 21757 | Depths:1 | Found Fiopy's One-of-a-Kind Rings.
 21773 | Depths:1 | Bought the ring of Doimaukh {rF+ rC+} for 429 gold pieces
 21773 | Depths:1 | Bought the ring "Muoczifa" {Will- EV+4 Slay+5} for 657 gold
                  | pieces
 21792 | Depths:1 | Found a gateway to Hell.
 22342 | Depths:4 | Entered Level 4 of the Depths
 22500 | Depths:4 | Found a gate to the Realm of Zot.
 22500 | Depths:4 | Noticed a bone dragon
 22513 | Depths:4 | Reached XP level 24. HP: 153/228 MP: 40/40
 22596 | Depths:4 | Found a flickering gateway to a bazaar.
 22611 | Bazaar   | Entered a bazaar
 22634 | Bazaar   | Found Vuinoor's Magic Scroll Boutique.
 22642 | Bazaar   | Bought a scroll of immolation for 72 gold pieces
 22642 | Bazaar   | Bought 3 scrolls of fear for 216 gold pieces
 22642 | Bazaar   | Bought a scroll of poison for 72 gold pieces
 22693 | Bazaar   | Found Ditaxur's Jewellery Shoppe.
 22723 | Bazaar   | Found Zyheofoa's Magic Scroll Shoppe.
 22731 | Bazaar   | Bought a scroll of teleportation for 30 gold pieces
 22731 | Bazaar   | Bought a scroll of teleportation for 30 gold pieces
 22731 | Bazaar   | Bought a scroll of fear for 40 gold pieces
 22773 | Bazaar   | Found Jecwyh's Magic Scroll Shoppe.
 22781 | Bazaar   | Bought a scroll of enchant weapon for 127 gold pieces
 22781 | Bazaar   | Bought a scroll of poison for 68 gold pieces
 22781 | Bazaar   | Bought a scroll of immolation for 68 gold pieces
 22781 | Bazaar   | Bought a scroll of magic mapping for 127 gold pieces
 22781 | Bazaar   | Bought a scroll of teleportation for 51 gold pieces
 22838 | Bazaar   | Bought an amulet of regeneration for 270 gold pieces
 22952 | Depths:4 | Noticed Margery
 22962 | Depths:4 | Killed Margery
 23111 | Zot:1    | Entered Level 1 of the Realm of Zot
 23277 | Zot:1    | Noticed a golden dragon
 23304 | Zot:1    | Killed a golden dragon
 23396 | Zot:1    | Noticed a golden dragon
 23419 | Zot:1    | Killed a golden dragon
 23866 | Zot:3    | Found a sacrificial altar of Ru.
 24043 | Zot:4    | Noticed a curse toe
 24062 | Zot:4    | Killed a curse toe
 24063 | Zot:4    | Reached XP level 25. HP: 205/240 MP: 13/40
 24094 | Zot:5    | Entered Level 5 of the Realm of Zot
 24312 | Zot:5    | Noticed a golden dragon
 24325 | Zot:5    | Killed a golden dragon
 25147 | Zot:5    | Noticed an ancient lich
 25168 | Zot:5    | Noticed an ancient lich
 25174 | Zot:5    | Killed an ancient lich
 25188 | Zot:5    | Killed an ancient lich
 25256 | Zot:5    | Noticed a golden dragon
 25257 | Zot:5    | Noticed a Killer Klown
 25268 | Zot:5    | Killed a golden dragon
 25271 | Zot:5    | Gained mutation: You sometimes lose your temper in combat.
                  | [mutagenic glow]
 25285 | Zot:5    | Noticed an orb of fire
 25287 | Zot:5    | Killed a Killer Klown
 25295 | Zot:5    | Gained mutation: Armour fits poorly on your strangely
                  | shaped body. [mutagenic glow]
 25311 | Zot:5    | Killed an orb of fire
 25325 | Zot:5    | Noticed an orb of fire
 25326 | Zot:5    | Noticed an orb of fire
 25327 | Zot:5    | Corrupted Zot:5
 25328 | Zot:5    | Gained mutation: You expend magic power (3 MP) to
                  | strengthen your wands. [mutagenic glow]
 25341 | Zot:5    | Killed a Killer Klown
 25341 | Zot:5    | Killed an orb of fire
 25342 | Zot:5    | Killed an orb of fire
 25343 | Zot:5    | Gained mutation: You occasionally lose the ability to read
                  | scrolls when taking damage. [mutagenic glow]
 25353 | Zot:5    | Killed an orb of fire
 25353 | Zot:5    | Gained mutation: You are dopey. (Int -2) [mutagenic glow]
 25368 | Zot:5    | Gained mutation: Your spells are a little easier to cast,
                  | but a little less powerful. [mutagenic glow]
 25380 | Zot:5    | Gained mutation: Your spells are easier to cast, but less
                  | powerful. [mutagenic glow]
 25428 | Zot:5    | Killed a Killer Klown
 25774 | Zot:5    | Noticed an orb of fire
 25803 | Zot:5    | Killed an orb of fire
 25804 | Zot:5    | Reached XP level 26. HP: 113/253 MP: 13/40
 25924 | Zot:5    | Noticed a Killer Klown
 25927 | Zot:5    | Banished a Killer Klown
 25973 | Zot:5    | Got the Orb of Zot
 26150 | Zot:2    | Noticed Zihamm the pandemonium lord
 26187 | Zot:1    | Reached skill level 25 in Invocations
 26368 | Depths:1 | Noticed Haerem the pandemonium lord
 26658 | D:5      | Noticed Etovimmo the pandemonium lord
 26718 | D:2      | Found a faded altar of an unknown god.
 26818 | D:$      | Escaped with the Orb!

Illustrated notes

Levels and vault maps discovered:
D:1:      sevenhm_arrival_forest_fort_large_4, layout_basic, serial_shops,
          nicolae_shop_behind_doors
D:2:      layout_basic, hellmonk_ecumenical_altar_leap_of_faith, uniq_terence,
          uniq_jessica
D:3:      layout_rooms, uniq_crazy_yiuf_cottage
D:4:      kennysheep_slugbush, layout_gridville, minmay_temple_entry_slanted,
          uniq_robin
D:5:      layout_basic, vehumet_altar_wand_db, gammafunk_ghost_nasty_kobolds,
          mrwooster_statue_mirror, st_stairs_5, grunt_ministairs_15
D:6:      layout_basic, mainiacjoe_overflow_brackets, okawaru_gym_becter,
          serial_shops, nicolae_shop_crystal,
          nicolae_shop_temple_entry_statues_fountains, gup_sewer_entry_pipe,
          enter_ossuary_5
D:7:      layout_cave_pods, gammafunk_ghost_split, uniq_joseph
D:8:      layout_basic, fedhas_bush_and_centaur_altar,
          mainiacjoe_overflow_boulevard, ebering_ghost_rock_garden, uniq_psyche
D:9:      layout_loops_cross, nicolae_gozag_cash_rules_everything_around_me,
          dk_yredelemnul_ordeal, grunt_lair_entry_orc_guard_hut
D:10:     layout_roguey, lemuel_tele_altar, nicolae_transporter_intersection
D:11:     layout_small_grid, orc_0_dummy, uniq_josephine, uniq_lodul,
          uniq_nergalle
D:12:     layout_roguey
D:13:     layout_loops_ring, minmay_more_statues
D:14:     layout_roguey, grunt_vaults_entry_fortified, grunt_dithmenos_shadows,
          hellmonk_bongcloud_opening, lightli_wizard_tower
D:15:     hangedman_depths_entry_civil_slaughter, layout_rooms, moated_statue,
          muffindrake_ghost_dual_entry, serial_bayou_lagoon_a
Temple:   nicolae_temple_two_arcs
Lair:1:   layout_cave_pods, chequers_serial_rivers_large_a,
          serial_bayou_crossing, uniq_gastronok
Lair:2:   layout_long_grid, minmay_shoals_entry_centaurs,
          minmay_snake_entry_guardpost_small, chequers_serial_rivers_small_3
Lair:3:   layout_cave_pods, grunt_megastairs_5
Lair:4:   layout_big_grid, minmay_slime_entry_jelly_boxes,
          chequers_serial_rivers_micro_d, nicolae_lair_liquid_snakes,
          infiniplex_staircase_pool
Shoals:1: layout_shoals, uniq_nikola
Shoals:2: cheibrodos_shoals_baths, layout_shoals,
          nicolae_shoals_beach_house_on_fowls_legs, uniq_ilsuiw, uniq_donald
Shoals:3: layout_shoals, uniq_polyphemus
Shoals:4: shoals_end_simple, layout_shoals, ebering_ghost_gozag, uniq_aizul
Snake:1:  layout_onion, uniq_roxanne, uniq_mlioglotl
Snake:2:  layout_concentric_octagons, gammafunk_ghost_wrathful_warriors,
          serial_shops, shop_statue, st_stairs_9, grunt_megastairs_2
Snake:3:  layout_onion_interference
Snake:4:  snake_pit, layout_layer_cave, serial_shops, nicolae_diamond_shop,
          shop_statue, uniq_vashnia
Orc:1:    layout_diamond_mine, abandoned_shop, elf_legates, uniq_snorg,
          uniq_urug, uniq_sonja
Orc:2:    st_orc_ogre_mass, layout_caves, serial_shops, nicolae_shop_stone,
          nicolae_orc_sculptors_studio, uniq_rupert, uniq_nessos
Vaults:1: ebering_ghost_xom, hangedman_vaults_slice, vaults_mumra_minichess,
          st_greater_box_2, vaults_standard_mumra_enter_the_diamond,
          vaults_dpeg_diagonal, vaults_room_pools, nicolae_vaults_specimen_jars,
          nicolae_vaults_little_ls, nicolae_vaults_diagonal_hallway_8, v_misc_3,
          nicolae_vaults_rhombus_5, layout_vaults_omnicross, serial_shops,
          nicolae_shop_behind_doors
Vaults:2: gammafunk_ghost_fury_of_okawaru, vaults_room_door_ring, v_misc_25,
          v_rooms_5, minmay_crypt_entry_skeletal_spiral, v_pattern_3, v_misc_27,
          vaults_room_pools, vaults_dpeg_ring, layout_vaults_chaotic_city,
          serial_shops, nicolae_diamond_shop
Vaults:3: ontoclasm_vaults_gateway, dpeg_vaults_monster_box, v_pattern_4,
          nicolae_vaults_network_s, nicolae_vaults_circle_grid_b, v_misc_4,
          vaults_room_door_ring, hangedman_vaults_stitches,
          ontoclasm_vaults_idyll, vaults_mumra_lcd,
          nicolae_vaults_network_square, ontoclasm_vaults_decontamination,
          nicolae_vaults_little_squares_1, layout_vaults_omnibox
Vaults:4: infiniplex_enter_wizlab_water, hangedman_vaults_corner,
          v_alt_pattern_6, ontoclasm_vaults_eye, v_misc_25,
          ontoclasm_vaults_chip, nicolae_vaults_network_star, v_pattern_5,
          ontoclasm_vaults_ligature, nicolae_vaults_theta,
          layout_vaults_omnigrid, uniq_mennas, uniq_boris
Vaults:5: serial_shops
Crypt:1:  layout_chaotic_city, grunt_crypt_arrival_split
Depths:1: layout_gridlike, grunt_decor_clamped,
          nicolae_hell_entry_hellmouth_sunbeams, rand_demon_pan_entry_8,
          chequers_decorated_corner, nicolae_shop_unique_rings,
          grunt_decor_junction, nemelex_xobeh_ov_fountains_minmay
Depths:2: minmay_stepped, layout_gridlike, enter_ziggurat_d, pan_entry,
          hell_entry, grunt_ministairs_7, minmay_staircase_windowed_small
Depths:3: dreamdust_experimentation, layout_gridlike, pf_coc_iceberg,
          abyss_entry
Depths:4: grunt_twist_and_shout, layout_gridville, hell_entry,
          hangedman_decor_opposing, serial_shops, bzr_entry_lakeside,
          uniq_margery
Zot:1:    cheibrodos_zot_enchanting_chambers, layout_twisted_circle
Zot:2:    layout_basic
Zot:3:    layout_basic, basic_altar
Zot:4:    layout_gridlike, st_small_dragon_hoard_1, st_stairs_3
Zot:5:    layout_cathedral_of_symmetry

Skill      XL: |  1  2  3  4  5  6  7  8  9 10 11 12 13 14 15 16 17 18 19 20 21 22 23 24 25 26 |
---------------+-------------------------------------------------------------------------------+-----
Axes           | 3 4 5 6 8 9 11 12 14 16 17 18 | 18.0
Invocations    | 3 4 5 6 8 10 11 13 15 18 20 21 22 23 24 25 | 25.0
Armour         | 3 4 6 8 11 13 14 15 16 | 16.0
Evocations     | 1 4 5 8 10 13 15 17 19 21 22 23 | 23.1
Dodging        | 4 |  4.7
Shields        | 2 6 8 10 | 10.0
Fighting       | 6 9 11 12 14 15 16 17 19 21 22 23 | 23.9
Throwing       | 2 5 6 7 |  7.6
Polearms       | 7 |  7.8

Action                   |  1- 3 |  4- 6 |  7- 9 | 10-12 | 13-15 | 16-18 | 19-21 | 22-24 | 25-27 || total
-------------------------+-------+-------+-------+-------+-------+-------+-------+-------+-------++-------
Melee: Hand axe          |    34 |       |       |       |       |       |       |       |       ||    34
       War axe           |    21 |   103 |   414 |   564 |   842 |   868 |       |       |       ||  2812
       Punch             |       |     3 |     7 |     1 |       |       |       |     2 |       ||    13
       Kick              |       |       |       |   125 |    61 |       |       |       |       ||   186
       Spear             |       |       |       |       |    10 |       |       |       |       ||    10
       Demon trident     |       |       |       |       |       |   274 |   266 |   166 |   137 ||   843
       Broad axe         |       |       |       |       |       |    27 |   785 |   970 |   290 ||  2072
       Sacred scourge    |       |       |       |       |       |       |       |     7 |    16 ||    23
 Fire: Sling             |       |     2 |       |       |       |       |       |       |       ||     2
Throw: Stone             |       |     1 |    17 |    16 |       |       |       |       |       ||    34
       Javelin           |       |     1 |     2 |     2 |     8 |     8 |     1 |    10 |    21 ||    53
       Throwing net      |       |       |       |     1 |       |       |       |       |       ||     1
       Dart              |       |       |       |       |    45 |     4 |     2 |       |     1 ||    52
       Boomerang         |       |       |       |       |       |       |     1 |       |       ||     1
Invok: Banish            |       |     1 |     2 |     2 |    14 |     2 |       |     8 |     1 ||    30
       Bend Space        |       |       |     5 |    10 |     9 |     4 |     6 |     7 |     5 ||    46
       Corrupt           |       |       |       |       |       |     2 |     2 |       |     1 ||     5
       Depart the Abyss  |       |       |       |       |       |     1 |       |     1 |       ||     2
       Brand Weapon With |       |       |       |       |       |     1 |       |       |       ||     1
       Enter the Abyss   |       |       |       |       |       |       |       |     1 |       ||     1
 Abil: Evoke Blink       |       |       |       |       |     1 |     2 |       |       |       ||     3
Evoke: Wand              |       |       |    10 |    10 |    29 |    14 |     8 |     4 |     4 ||    79
       Phial of floods   |       |       |       |       |     2 |     1 |       |       |       ||     3
       Box of beasts     |       |       |       |       |       |     1 |     1 |     1 |     3 ||     6
       Tin of tremorston |       |       |       |       |       |     2 |     3 |     7 |       ||    12
       Phantom mirror    |       |       |       |       |       |       |     2 |     3 |     2 ||     7
  Use: Scroll            |       |     5 |     9 |     5 |    12 |    21 |     5 |     7 |     8 ||    72
       Potion            |       |       |     4 |     3 |    11 |     6 |     9 |     3 |    15 ||    51
 Stab: Sleeping          |       |       |       |       |       |     3 |       |       |       ||     3
       Paralysed         |       |       |       |       |       |       |     3 |     1 |       ||     4
       Distracted        |       |       |       |       |       |       |     3 |     1 |       ||     4
Armor: Ring mail         |    30 |     4 |       |       |       |       |       |       |       ||    34
       Scale mail        |       |    49 |   288 |   114 |       |       |       |       |       ||   451
       Leather armour    |       |       |       |   104 |    69 |       |       |       |       ||   173
       Skin              |       |       |       |       |     4 |       |       |       |       ||     4
       Plate armour      |       |       |       |       |    16 |       |       |       |       ||    16
       Gold dragon scale |       |       |       |       |   189 |   577 |   410 |   628 |   145 ||  1949
Dodge: Dodged            |    37 |    40 |   196 |   225 |   146 |   171 |   133 |   164 |    39 ||  1151
Block: Buckler           |       |       |       |   312 |   529 |   815 |   467 |   519 |    92 ||  2734
       Reflection        |       |       |       |    24 |    53 |   142 |    80 |    45 |    17 ||   361
       Other             |       |       |       |    11 |       |       |       |       |       ||    11

Table legend: (Time is in decaauts)
 A = Elapsed time spent in this place.
 B = Non-inter-level travel time spent in this place.
 C = Inter-level travel time spent in this place.
 D = Time resting spent in this place.
 E = Time spent auto-exploring this place.
 F = Levels seen in this place.
 G = Mean time per level.
                   A        B        C        D        E       F      G
               +--------+--------+--------+--------+--------+-----+--------+
         Total |  25872 |  23800 |   2072 |    869 |     23 |  52 |  497.5 |
       Dungeon |   8986 |   8159 |    827 |    333 |     23 |  15 |  599.1 |
        Temple |      1 |      1 |      0 |      0 |      0 |   1 |    1.0 |
          Lair |   1580 |   1407 |    173 |      0 |      0 |   4 |  395.0 |
        Shoals |   2187 |   2096 |     91 |      0 |      0 |   4 |  546.8 |
     Snake Pit |   2441 |   2211 |    230 |      0 |      0 |   4 |  610.2 |
  Orcish Mines |   1187 |   1004 |    183 |     35 |      0 |   2 |  593.5 |
        Vaults |   3281 |   3199 |     82 |      0 |      0 |   5 |  656.2 |
         Crypt |      1 |      1 |      0 |      0 |      0 |   1 |    1.0 |
        Depths |   1668 |   1586 |     82 |      9 |      0 |   4 |  417.0 |
           Zot |   2795 |   2394 |    401 |    241 |      0 |   5 |  559.0 |
         Abyss |    221 |    221 |      0 |      0 |      0 |   3 |   73.7 |
        Bazaar |    257 |    257 |      0 |      0 |      0 |   1 |  257.0 |
         Sewer |    260 |    260 |      0 |      0 |      0 |   1 |  260.0 |
       Ossuary |    406 |    406 |      0 |    135 |      0 |   1 |  406.0 |
        Wizlab |    595 |    595 |      0 |    116 |      0 |   1 |  595.0 |
               +--------+--------+--------+--------+--------+-----+--------+

Top non-repeatable levels by time:
   Zot:5: 1299 daAuts
Vaults:5: 1152 daAuts
     D:6: 972 daAuts
  Lair:2: 909 daAuts
Shoals:4: 905 daAuts
    D:13: 846 daAuts
    D:10: 826 daAuts
Vaults:2: 816 daAuts
   Orc:2: 774 daAuts
     D:8: 754 daAuts
 Snake:2: 746 daAuts
Vaults:4: 712 daAuts
 Snake:4: 693 daAuts
     D:5: 646 daAuts
     D:9: 646 daAuts
